 Dungeon Crawl Stone Soup version 0.23.1-37-gaa34b87b72 (webtiles) character file.

Game seed: 1190003926413344436

5874 savthe217 the Cleaver (level 10, -2/97 HPs)
             Began as a Hill Orc Berserker on Mar 26, 2019.
             Was an Initiate of Beogh.
             Slain by a big kobold
             ... wielding a +3 dagger of venom
              (4 damage)
             ... on level 10 of the Dungeon.
             The game lasted 01:16:58 (10782 turns).

savthe217 the Cleaver (Hill Orc Berserker)         Turns: 10782, Time: 01:16:58

Health: -2/97      AC: 20    Str: 22    XL:     10   Next: 81%
Magic:  10/10      EV:  7    Int:  9    God:    Beogh [......]
Gold:   519        SH:  0    Dex: 10    Spells: 9/9 levels left

rFire    x . .     SeeInvis .   a - +0 hand axe
rCold    + . .     Gourm    .   (no shield)
rNeg     . . .     Faith    .   t - +1 plate armour
rPois    +         Spirit   .   C - +1 helmet
rElec    .         Reflect  .   v - +2 cloak {rPois}
rCorr    .         Harm     .   (no gloves)
MR       +....                  (no boots)
Stlth    ..........             (no amulet)
HPRegen  0.26/turn              k - ring of protection from magic
MPRegen  0.12/turn              j - ring of ice

@: lethally poisoned (-2 -> -8)
A: no striking features
a: Renounce Religion


You were on level 10 of the Dungeon.
You worshipped Beogh.
Beogh was noncommittal.
You were not hungry.

You visited 2 branches of the dungeon, and saw 11 of its levels.

You collected 520 gold pieces.
You spent 1 gold pieces at shops.

Inventory:

Hand Weapons
 a - a +0 hand axe (weapon)
 d - a +0 flail of holy wrath
 m - a +1 trident of pain
 s - a -2 executioner's axe
 u - a +2 quarterstaff of chaos
 D - a +4 scimitar of flaming
Armour
 t - a +1 plate armour (worn)
 v - a +2 cloak of poison resistance (worn)
 C - a +1 helmet (worn)
Jewellery
 j - a ring of ice (right hand)
 k - a ring of protection from magic (left hand)
 B - an uncursed ring of wizardry
Wands
 o - a wand of iceblast (7)
 w - a wand of enslavement (4)
 E - a wand of flame (23)
Scrolls
 b - a scroll of random uselessness
 i - 2 scrolls of enchant weapon {unknown}
 l - 6 scrolls of teleportation
 n - 5 scrolls of identify
 p - 2 scrolls of blinking
 y - a scroll of fog
 z - 2 scrolls of enchant armour
 H - a scroll of brand weapon {unknown}
Potions
 c - a potion of degeneration {unknown}
 e - 2 potions of brilliance {unknown}
 f - 2 potions of agility
 g - 3 potions of curing
 h - a potion of flight {unknown}
 r - a potion of might {unknown}
 x - a potion of haste {unknown}
 A - 2 potions of cancellation
 F - a potion of lignification {unknown}
Comestibles
 q - 14 rations
 G - a chunk of flesh


   Skills:
 * Level 11.8 Fighting
 * Level 12.1(12.7) Axes
 - Level 5.1(8.4) Polearms
 + Level 8.3 Armour
 - Level 1.6 Dodging
 - Level 0.7 Stealth


You had 9 spell levels left.
You didn't know any spells.
Your spell library contained the following spells:

 Spells                   Type           Power        Failure   Level  Hunger
 Summon Small Mammal      Summ           #...         99%         1    ##.....
 Call Imp                 Summ           #.......     100%        2    ###....
 Call Canine Familiar     Summ           #.......     100%        3    ####...
 Summon Guardian Golem    Hex/Summ       #.......     100%        3    ####...
 Summon Ice Beast         Ice/Summ       #.......     100%        4    #####..
 Summon Lightning Spire   Summ/Air       #.......     100%        4    #####..


Dungeon Overview and Level Annotations

Branches:
Dungeon (9/15)             Temple (1/1) D:7
   Lair: D:8-11         Orc: D:9-12

Altars:
Cheibriados
Uskayaw
Vehumet
Yredelemnul

Shops:
D:5 *


Message History

The big kobold is lightly wounded.
You closely miss the kobold.
* * * LOW HITPOINT WARNING * * *
You feel sick.
The big kobold hits you with a +3 dagger of venom.
* * * LOW HITPOINT WARNING * * *
You slash the kobold!
You kill the kobold!
Beogh accepts your kill.
You hit the big kobold but do no damage.
* * * LOW HITPOINT WARNING * * *
You feel sick. The big kobold barely misses you.
Items here: ( )) † a +0 whip; a +0 hand crossbow; 19 bolts; a kobold corpse You slash the big kobold!
The big kobold is moderately wounded.
* * * LOW HITPOINT WARNING * * *
You feel sick.
The big kobold hits you with a +3 dagger of venom.
You die...

.######.#####.#
#.#
........[...#.#
#.#
.######.###.#.#
#)## .# #..# .#
##.##.# #(.#.#
##)#.#
#@K.#####.
##........
#..#####.
.....§§†.#
########..# ..#
... .... .....


You could see a big kobold.

Vanquished Creatures
  Erica (D:8)
  Pikel (D:8)
  Maurice (D:8)
  5 yaks (D:10)
  Edmund (D:4)
  Menkaure (D:7)
  A water moccasin (D:8)
  3 orc warriors
  4 slaves (D:8)
  An ice beast (D:9)
  2 sky beasts (D:6)
  6 ogres
  3 centaurs
  4 bullfrogs
  2 scorpions
  5 killer bees (D:7)
  A water moccasin skeleton (D:6)
  A howler monkey (D:6)
  4 crimson imps
  4 orc priests
  7 hounds
  Crazy Yiuf (D:5)
  2 jellies
  8 orc wizards
  7 iguanas
  An iron imp (D:7)
  Terence (D:3)
  8 worker ants
  11 adders
  A shadow imp (D:6)
  An ooze (D:2)
  An adder skeleton (D:4)
  An adder zombie (D:5)
  2 worms
  A dart slug (D:1)
  2 leopard geckos
  21 orcs
  3 bats (D:2)
  10 giant cockroaches
  4 hobgoblins
  3 jackals (D:2)
  2 quokkas
  A ball python (D:2)
  5 frilled lizards
  3 goblins
  11 kobolds
  A quokka skeleton (D:7)
  A quokka zombie (D:7)
  2 rats
173 creatures vanquished.

Vanquished Creatures (others)
  An orc wizard (D:10)
  A plant (D:10)
2 creatures vanquished.

Grand Total: 175 creatures vanquished

Notes
Turn   | Place    | Note
-------+----------+-------------------------------------------
     0 | D:1      | savthe217 the Hill Orc Berserker began the quest for the
                  | Orb.
     0 | D:1      | Reached XP level 1. HP: 19/19 MP: 1/1
   863 | D:1      | Reached XP level 2. HP: 26/27 MP: 2/2
  1732 | D:2      | Reached XP level 3. HP: 22/34 MP: 3/3
  2868 | D:3      | Reached XP level 4. HP: 41/41 MP: 4/4
  2889 | D:3      | Reached ** piety under Trog
  2987 | D:3      | Reached skill level 5 in Axes
  3227 | D:3      | Noticed Terence
  3238 | D:3      | Killed Terence
  3238 | D:3      | Reached skill level 5 in Fighting
  3733 | D:4      | Noticed an ogre
  3837 | D:4      | Reached XP level 5. HP: 48/48 MP: 5/5
  4027 | D:4      | Reached skill level 1 in Polearms
  4078 | D:4      | Noticed Edmund
  4099 | D:4      | Killed Edmund
  4099 | D:4      | Reached XP level 6. HP: 57/57 MP: 6/6
  4300 | D:5      | Entered Level 5 of the Dungeon
  4338 | D:5      | Reached XP level 7. HP: 24/63 MP: 7/7
  5896 | D:5      | Reached skill level 5 in Polearms
  5974 | D:5      | Found Metacif's Mass Market.
  5982 | D:5      | Bought a cursed -2 executioner's axe for 1 gold piece
  6004 | D:5      | Reached skill level 5 in Armour
  6228 | D:5      | Reached skill level 6 in Axes
  6228 | D:5      | Reached XP level 8. HP: 34/71 MP: 8/8
  7070 | D:5      | Found a runed translucent door.
  7071 | D:5      | Noticed Crazy Yiuf
  7078 | D:5      | Killed Crazy Yiuf
  7238 | D:6      | Reached skill level 7 in Axes
  7609 | D:6      | Reached skill level 8 in Axes
  7666 | D:6      | Reached XP level 9. HP: 69/82 MP: 9/9
  8536 | D:7      | Noticed Menkaure
  8543 | D:7      | Killed Menkaure
  8543 | D:7      | Reached skill level 9 in Axes
  9324 | D:7      | Found a staircase to the Ecumenical Temple.
  9346 | Temple   | Entered the Ecumenical Temple
  9407 | D:7      | Reached skill level 10 in Axes
  9445 | D:7      | Reached *** piety under Trog
  9458 | D:7      | Found a snail-covered altar of Cheibriados.
  9466 | D:7      | Reached skill level 10 in Fighting
  9594 | D:8      | Noticed Erica
  9607 | D:8      | Killed Erica
  9607 | D:8      | Reached XP level 10. HP: 94/94 MP: 10/10
  9713 | D:8      | Noticed Pikel
  9751 | D:8      | Killed Pikel
  9751 | D:8      | Reached skill level 11 in Axes
 10334 | D:8      | Noticed Maurice
 10346 | D:8      | Killed Maurice
 10696 | D:9      | You fall through a shaft!
 10696 | D:10     | Entered Level 10 of the Dungeon
 10697 | D:10     | Fell from the grace of Trog
 10697 | D:10     | Became a worshipper of Beogh the Brigand
 10761 | D:10     | Reached skill level 12 in Axes
 10779 | D:10     | HP: 3/97 [big kobold/+3 dagger of venom (2)]
 10782 | D:10     | Slain by a big kobold

Skill      XL: |  1  2  3  4  5  6  7  8  9 10 |
---------------+-------------------------------+-----
Fighting       | 4 5 6 8 10 11 | 11.8
Axes           | 5 6 8 10 12 | 12.1
Polearms       | 2 3 5 |  5.1
Armour         | 3 5 6 7 8 |  8.3
Dodging        | |  1.6
Stealth        | |  0.7

Action                   |  1- 3 |  4- 6 |  7- 9 | 10-12 || total
-------------------------+-------+-------+-------+-------++-------
Melee: Hand axe          |    96 |    28 |    71 |   208 ||   403
       Trident           |       |    87 |    86 |       ||   173
       Executioner's axe |       |       |   251 |       ||   251
Invok: Berserk           |     6 |     5 |    13 |     5 ||    29
       Trog's Hand       |       |     1 |     5 |     2 ||     8
       Convert to Beogh  |       |       |       |     1 ||     1
  Use: Scroll            |       |     5 |     8 |     1 ||    14
       Potion            |       |       |     3 |     1 ||     4
 Stab: Sleeping          |     1 |     1 |       |       ||     2
  Eat: Chunk             |     2 |     8 |    12 |    10 ||    32
       Ration            |     3 |     1 |     5 |       ||     9
Armor: Animal skin       |    15 |     3 |       |       ||    18
       Chain mail        |       |    70 |    68 |       ||   138
       Plate armour      |       |       |   335 |   111 ||   446
Dodge: Dodged            |    63 |    73 |   222 |    56 ||   414
